[Event "Titled Tuesday Blitz January 17 Early 2023"]
[White "Guliev, Logman"]
[Black "Ioannidis, Evgenios"]
[WhiteFideId "13400061"]
[BlackFideId "4229274"]
[WhiteElo "2250"]
[BlackElo "2467"]
[Result "1-0"]
[Round "01"]
[TimeControl "180+2"]
[Date "2023.01.17"]
[WhiteClock "0:00:08"]
[BlackClock "0:00:02"]

1. e4 e6 2. d4 d5 3. Nd2 c5 4. exd5 Qxd5 5. Ngf3 cxd4 6. Bc4 Qd7 7. O-O a6 8. Nb3 Nf6 9. Nbxd4 Qc7 10. Bb3 Bd6 11. h3 Bd7 12. c3 Nc6 13. Qe2 O-O-O 14. a4 e5 15. Nxc6 Bxc6 16. Be3 Bd5 17. Bxd5 Nxd5 18. Rfd1 Nxe3 19. Qxe3 Rd7 20. b4 Rhd8 21. b5 a5 22. b6 Qc5 23. Qe4 f6 24. Rab1 Kb8 25. c4 Qc6 26. Rd5 Qxa4 27. Rbb5 Qa1+ 28. Kh2 f5 29. Qxf5 e4+ 30. Rxd6 Rxd6 31. Rxa5 Qf6 32. Qxe4 Rxb6 33. Ne5 Re6 34. f4 Rb6 35. Qe3 Qe6 36. c5 Rb4 37. Qa3 Qb3 38. Ra8+ Kc7 39. Qa5+ b6 40. Qa7# 1-0


[Site "https://www.chess.com"]

[Event "Titled Tuesday Blitz January 17 Early 2023"]
[White "Averjanov, Alexey"]
[Black "Szyszylo, Rafal"]
[WhiteFideId "14109867"]
[BlackFideId "1109626"]
[WhiteElo "2399"]
[BlackElo "2091"]
[Result "1/2-1/2"]
[Round "01"]
[TimeControl "180+2"]
[Date "2023.01.17"]
[WhiteClock "0:00:25"]
[BlackClock "0:00:03"]

1. d4 g6 2. c4 d6 3. Nf3 Nf6 4. Nc3 Bg7 5. e4 O-O 6. Be2 Na6 7. O-O e5 8. Bg5 h6 9. Be3 Ng4 10. Bc1 f5 11. h3 Nf6 12. dxe5 dxe5 13. exf5 Bxf5 14. Nxe5 Re8 15. Bf4 g5 16. Bg3 Ne4 17. Nxe4 Bxe4 18. Nd3 Qf6 19. Qb3 Bxd3 20. Bxd3 Nc5 21. Qa3 Nxd3 22. Qxd3 Rad8 23. Qb3 Qxb2 24. Rab1 Qxb3 25. Rxb3 b6 26. Bxc7 Rc8 27. Bg3 Rxc4 28. Ra3 a5 29. Rb3 Bd4 30. Rd1 Re7 31. Rbd3 Bc5 32. Bd6 Rd7 33. Bxc5 Rxd3 34. Rxd3 bxc5 35. Rd6 Kg7 36. Ra6 Ra4 37. Rc6 c4 38. Kf1 Rxa2 39. Rxc4 a4 40. g3 h5 41. Rc6 a3 42. Ra6 Ra1+ 43. Ke2 a2 44. Kf3 Rh1 45. Rxa2 Rxh3 46. Kg2 g4 47. Ra6 Kh7 48. Rb6 Kg7 49. Rc6 Kh7 50. Rd6 Kg7 51. Re6 Kh7 52. f3 Kg7 53. Re4 Kf6 54. fxg4 hxg4 55. Rxg4 Rh8 56. Rf4+ Kg6 57. Rc4 Rb8 58. Kh3 Kg5 59. Rc5+ Kg6 60. Kh4 Rb6 61. Rc4 Ra6 62. Rg4+ Kh6 63. Rd4 Kg6 64. g4 Rb6 65. Ra4 Rc6 66. Ra5 Rb6 67. Rc5 Ra6 68. Rc4 Rb6 69. Rc3 Ra6 70. Rb3 Rc6 71. Rb2 Ra6 72. Rb1 Rc6 73. Ra1 Rb6 74. Rc1 Ra6 75. Rd1 Rb6 76. Rd5 Ra6 77. Rg5+ Kh6 78. Rh5+ Kg6 79. Rh8 Rb6 80. Ra8 Rc6 81. Ra4 Rb6 82. Kg3 Rc6 83. Rb4 Ra6 84. Kf4 Rf6+ 85. Ke5 Ra6 86. Kf4 Rf6+ 87. Kg3 Ra6 88. Rb7 Rc6 89. Rd7 Rb6 90. Rd8 Rc6 91. Rg8+ Kh6 92. Kh4 Rc4 93. Re8 Rc6 94. Re5 Kg6 95. Rg5+ Kh6 96. Rf5 Kg6 97. Rb5 Ra6 98. Rc5 Rb6 99. Rc8 Ra6 100. Rd8 Rb6 101. Rg8+ Kh6 102. g5+ Kh7 103. Rd8 Kg6 104. Rd4 Rc6 105. Re4 Ra6 106. Rc4 Rb6 107. Ra4 Rc6 108. Kg4 Rb6 109. Rc4 Ra6 110. Rd4 Rb6 111. Re4 Ra6 112. Rf4 Rb6 113. Rd4 Rc6 114. Rb4 Ra6 115. Rb8 Rc6 116. Ra8 Rb6 117. Rg8+ Kh7 118. Rf8 Kg6 119. Rg8+ Kh7 120. Rd8 Kg6 121. Rd4 Rc6 122. Kf4 Rb6 123. Rc4 Ra6 124. Rb4 Rc6 125. Ra4 Rb6 126. Re4 Rc6 127. Re8 Rb6 128. Rg8+ Kh7 129. Rf8 Kg6 130. Rc8 Rb4+ 131. Ke3 Kxg5 132. Rc5+ Kf6 133. Rd5 Rc4 134. Rd3 Ra4 135. Rc3 Rb4 136. Kd3 Ke6 137. Rc5 Rh4 138. Ke3 Kd6 139. Rg5 Ke6 140. Kf3 Rh3+ 141. Ke4 Ra3 142. Rg6+ Kf7 143. Rc6 Ra5 144. Rd6 Ke7 145. Rb6 Ra4+ 146. Ke5 Ra5+ 147. Kd4 Rh5 148. Rb7+ Kd6 149. Rb6+ Kd7 150. Rg6 Ra5 151. Ke4 Ke7 152. Rh6 Kf7 153. Rc6 Ke7 154. Kd3 Ra4 155. Kc3 Kd7 156. Rb6 Kc7 157. Rg6 Rh4 158. Kd2 Kd7 159. Ke3 Ke7 160. Kf3 Kf7 161. Rg3 Rb4 162. Rg1 Kf6 163. Rd1 Kf5 164. Rd5+ Ke6 165. Rc5 Ra4 166. Rb5 Rc4 167. Ke3 Ra4 168. Kd3 Rh4 169. Rg5 Kd6 170. Rf5 Ke6 171. Rf3 Kd6 172. Ke3 Ke5 173. Kf2 Rf4 174. Kg3 Rxf3+ 175. Kxf3 1/2-1/2


[Site "https://www.chess.com"]

[Event "Titled Tuesday Blitz January 17 Early 2023"]
[White "Gatterer, Florian"]
[Black "Oganian, Miran"]
[WhiteFideId "811688"]
[BlackFideId "4122488"]
[WhiteElo "2170"]
[BlackElo "2439"]
[Result "1-0"]
[Round "01"]
[TimeControl "180+2"]
[Date "2023.01.17"]
[WhiteClock "0:00:14"]
[BlackClock "0:00:54"]

1. c4 e6 2. Nf3 d5 3. e3 a6 4. Nc3 Nf6 5. d4 dxc4 6. Bxc4 b5 7. Be2 Bb7 8. O-O Nbd7 9. a4 b4 10. Nb1 Bd6 11. Nbd2 O-O 12. Nc4 Qe7 13. b3 Rfd8 14. Bb2 c5 15. Nxd6 Qxd6 16. dxc5 Nxc5 17. Bc4 Bd5 18. Qe2 Bxc4 19. Qxc4 Qd5 20. Qxb4 Nd3 21. Qa3 Nxb2 22. Qxb2 Rab8 23. Rab1 h6 24. h3 Ne4 25. Rfc1 a5 26. Qd4 Qf5 27. Qe5 Qxe5 28. Nxe5 Nd2 29. Nc6 Nxb1 30. Nxd8 Nd2 31. Nc6 Rxb3 32. Nxa5 Ra3 33. Nc4 Nxc4 34. Rxc4 Ra2 35. g3 f5 36. Kg2 Kf7 37. Rc7+ Kf6 38. Rc4 g5 39. h4 g4 40. Rb4 Ke5 41. Rc4 Kd5 42. Rb4 Kc5 43. Rd4 e5 44. Rd7 Rxa4 45. Rf7 Kd5 46. Rxf5 Ra6 47. Rf7 Ke4 48. Rb7 Kd3 49. Rb4 h5 50. Rb5 Re6 51. Rb7 Ke2 52. Rb2+ Ke1 53. Rb1+ Ke2 54. Rb2+ Ke1 55. Rb1+ Kd2 56. Rb2+ Kc3 57. Ra2 Kd3 58. Ra3+ Ke2 59. Ra2+ Kd3 60. Ra3+ Kc4 61. Ra4+ Kb3 62. Ra7 Kb2 63. Rh7 Kc2 64. Rxh5 Kd3 65. Rg5 Ke2 66. Rf5 e4 67. Rf4 Kd3 68. Rxg4 Rf6 69. Rf4 Rh6 70. Kh3 Ke2 71. g4 Ra6 72. h5 Ra1 73. Kh4 Rf1 74. h6 Rg1 75. Kg5 Rh1 76. Kg6 Kf1 77. g5 Kg2 78. Kg7 Ra1 79. h7 Ra6 80. g6 Kg1 81. h8=Q Ra7+ 82. Kh6 Ra6 83. Rf6 Ra5 84. Qf8 Ra2 85. Rf4 Ra6 86. Qf5 Ra8 87. Qxe4 Ra7 88. Kg5 Ra5+ 89. Rf5 Ra7 90. Qg4+ Kf1 91. f4 Kf2 92. e4 Ke3 93. Rb5 Ra6 94. Rb3+ Kd4 95. f5 Ra1 96. Qg3 Rd1 97. g7 Kc5 98. g8=Q Rc1 99. Qd5# 1-0


[Site "https://www.chess.com"]

[Event "Titled Tuesday Blitz January 17 Early 2023"]
[White "Milikow, Yoav"]
[Black "Lacasa Diaz, Jose Antonio"]
[WhiteFideId "2822237"]
[BlackFideId "2203375"]
[WhiteElo "2394"]
[BlackElo "2359"]
[Result "1-0"]
[Round "01"]
[TimeControl "180+2"]
[Date "2023.01.17"]
[WhiteClock "0:00:35"]
[BlackClock "0:00:12"]

1. c4 e6 2. Nc3 d5 3. d4 c5 4. cxd5 exd5 5. Nf3 Nc6 6. dxc5 d4 7. Na4 Bxc5 8. Nxc5 Qa5+ 9. Qd2 Qxc5 10. e3 dxe3 11. Qxe3+ Qxe3+ 12. Bxe3 Nge7 13. Bc4 O-O 14. O-O h6 15. Rfe1 Nf5 16. Bc5 Rd8 17. Ne5 Nxe5 18. Rxe5 Bd7 19. Rd1 Bc6 20. Rde1 Nd6 21. Bb3 b6 22. Ba3 Nb5 23. Be7 Re8 24. Bc4 Nd4 25. Bb4 Rxe5 26. Rxe5 Rd8 27. Bc3 Ne6 28. Re1 Nf4 29. f3 h5 30. Re7 Nd5 31. Rxa7 Nxc3 32. Bxf7+ Kh7 33. bxc3 Rd1+ 34. Kf2 Rd2+ 35. Kg3 h4+ 36. Kh3 Rc2 37. Rc7 Bb5 38. Bd5 Kh6 39. Rb7 Bf1 40. Rxb6+ g6 41. Rxg6+ Kxg6 42. Be4+ Kg5 43. Bxc2 Bc4 44. Bb3 1-0


[Site "https://www.chess.com"]

[Event "Titled Tuesday Blitz January 17 Early 2023"]
[White "Seletsky, Grigory"]
[Black "Klukin, Kirill"]
[WhiteFideId "14112191"]
[BlackFideId "24199273"]
[WhiteElo "2259"]
[BlackElo "2390"]
[Result "0-1"]
[Round "01"]
[TimeControl "180+2"]
[Date "2023.01.17"]
[WhiteClock "0:00:01"]
[BlackClock "0:00:13"]

1. e4 g6 2. h4 Bg7 3. h5 d5 4. exd5 Qxd5 5. Nc3 Qa5 6. hxg6 hxg6 7. Rxh8 Bxh8 8. Bc4 c6 9. Qf3 Nf6 10. Nge2 Nbd7 11. d4 Nb6 12. Bb3 Bg4 13. Qg3 Bxe2 14. Kxe2 Qh5+ 15. Qf3 a5 16. a4 e6 17. Qxh5 Nxh5 18. Be3 O-O-O 19. Rh1 Bxd4 20. g4 Nf6 21. Bg5 Re8 22. f3 Nfd5 23. Ne4 Bxb2 24. Nd6+ Kd7 25. Nxe8 Kxe8 26. Bxd5 cxd5 27. Bd2 Nc4 28. c3 Ba3 29. Rb1 b6 30. Bc1 Bc5 31. Ra1 Kd7 32. Ra2 e5 33. Kd3 Ke6 34. Rh2 Nd6 35. Be3 e4+ 36. fxe4 dxe4+ 37. Ke2 f5 38. gxf5+ gxf5 39. Bf4 Nc4 40. Rh6+ Kf7 41. Bg5 Kg7 42. Rf6 Nd6 43. Rh6 Nf7 44. Rf6 Nxg5 45. Rxf5 Nf7 0-1


[Site "https://www.chess.com"]

[Event "Titled Tuesday Blitz January 17 Early 2023"]
[White "Costachi, Mihnea"]
[Black "Mouhamad, Joachim"]
[WhiteFideId "1217518"]
[BlackFideId "656410"]
[WhiteElo "2476"]
[BlackElo "2238"]
[Result "1-0"]
[Round "01"]
[TimeControl "180+2"]
[Date "2023.01.17"]
[WhiteClock "0:01:46"]
[BlackClock "0:00:35"]

1. Nc3 d5 2. d4 Nf6 3. Bf4 c5 4. e3 cxd4 5. exd4 a6 6. h3 Nc6 7. Nf3 e6 8. Bd3 Qb6 9. a3 Bd7 10. Be3 Bd6 11. O-O O-O 12. Re1 h6 13. Qd2 Rac8 14. Bxh6 Nxd4 15. Bxg7 Nxf3+ 16. gxf3 Ne4 17. fxe4 Kxg7 18. Qg5+ Kh8 19. Qh6+ Kg8 20. e5 f5 21. exf6 Rf7 22. Kh1 Qxf2 23. Rg1+ Bg3 24. Rxg3+ Qxg3 25. Rg1 Qxg1+ 26. Kxg1 1-0


[Site "https://www.chess.com"]

[Event "Titled Tuesday Blitz January 17 Early 2023"]
[White "Papayan, Oleg"]
[Black "Krysa, Leandro"]
[WhiteFideId "4193911"]
[BlackFideId "116807"]
[WhiteElo "2253"]
[BlackElo "2541"]
[Result "1/2-1/2"]
[Round "01"]
[TimeControl "180+2"]
[Date "2023.01.17"]
[WhiteClock "0:00:07"]
[BlackClock "0:00:09"]

1. e4 e5 2. Nf3 Nf6 3. Nxe5 d6 4. Nc4 Nxe4 5. Nc3 Nxc3 6. bxc3 Be7 7. d4 O-O 8. Bd3 Re8 9. O-O Nd7 10. Ne3 Nf6 11. Nf5 Bxf5 12. Bxf5 d5 13. Rb1 Rb8 14. Qf3 h6 15. Bf4 Bd6 16. Be3 c6 17. h3 Ne4 18. Rb3 b5 19. Ra1 Qa5 20. Bxe4 Rxe4 21. Qf5 Re6 22. Qd3 Qa4 23. Qf5 Rbe8 24. Qg4 R8e7 25. Qf5 g6 26. Qf3 h5 27. g4 h4 28. Kg2 f6 29. Qd1 Kg7 30. Qd2 Re4 31. Rbb1 g5 32. Re1 Kg6 33. Qd3 Qc4 34. Kf3 Kg7 35. a4 a6 36. axb5 axb5 37. Ra6 Rc7 38. Rea1 Bf4 39. Qxc4 bxc4 40. Ra7 Rxa7 41. Rxa7+ Kg6 42. Ra5 Bxe3 43. fxe3 Re6 44. Ra7 f5 45. gxf5+ Kxf5 46. Rf7+ Kg6 47. Rc7 Rf6+ 48. Kg2 Kf5 49. Kf3 Ke6+ 50. Ke2 Kf5 51. Re7 g4 52. Re5+ Kg6 53. hxg4 Rf7 54. Rh5 Rh7 55. Rxh7 Kxh7 56. Kf3 Kg6 57. Kf4 Kf6 58. g5+ Kg6 59. Kg4 h3 60. Kxh3 Kxg5 61. Kg3 Kf5 62. Kf3 Kf6 63. e4 dxe4+ 64. Kxe4 Ke6 65. Kf4 Kf6 66. Kg4 Kg6 67. Kf4 Kf6 68. Ke4 Ke6 69. Kf4 Kf6 1/2-1/2


[Site "https://www.chess.com"]

[Event "Titled Tuesday Blitz January 17 Early 2023"]
[White "Domingo Nunez, Ruben"]
[Black "Tarasova, Viktoriya"]
[WhiteFideId "22245570"]
[BlackFideId "4175840"]
[WhiteElo "2416"]
[BlackElo "2226"]
[Result "1-0"]
[Round "01"]
[TimeControl "180+2"]
[Date "2023.01.17"]
[WhiteClock "0:00:37"]
[BlackClock "0:00:15"]

1. b3 Nf6 2. Bb2 e6 3. Nf3 d5 4. e3 Bd6 5. Be2 O-O 6. O-O c5 7. c4 Nc6 8. h3 b6 9. cxd5 exd5 10. d4 Bb7 11. dxc5 bxc5 12. Nc3 Be7 13. Rc1 Rc8 14. Na4 Ne4 15. Bd3 Nb4 16. Bb1 Bf6 17. Bxf6 Qxf6 18. a3 Na6 19. Qe2 Rfd8 20. Rfd1 Ng5 21. Nxg5 Qxg5 22. Qb5 Qe7 23. Bd3 Rc7 24. Qa5 c4 25. bxc4 dxc4 26. Bxc4 Rdc8 27. Rb1 Rxc4 28. Rxb7 Qf8 29. Qxa6 Rc1 30. Rd7 Rxd1+ 31. Rxd1 1-0


[Site "https://www.chess.com"]

[Event "Titled Tuesday Blitz January 17 Early 2023"]
[White "Semenenko, Dmytry"]
[Black "Ashraf, Artin"]
[WhiteFideId "14118645"]
[BlackFideId "22514805"]
[WhiteElo "2113"]
[BlackElo "2314"]
[Result "0-1"]
[Round "01"]
[TimeControl "180+2"]
[Date "2023.01.17"]
[WhiteClock "0:00:08"]
[BlackClock "0:00:17"]

1. Nf3 d5 2. c4 e6 3. d4 Nf6 4. Nc3 c6 5. e3 Nbd7 6. Bd3 Bd6 7. O-O dxc4 8. Bxc4 b5 9. Bd3 Bb7 10. e4 e5 11. d5 a6 12. dxc6 Bxc6 13. Bxb5 Bxb5 14. Nxb5 axb5 15. Qxd6 Qe7 16. Qxe7+ Kxe7 17. Bg5 Rhc8 18. h3 Rc2 19. Rfd1 Rxb2 20. Rac1 Ra7 21. a3 h6 22. Bh4 g5 23. Bg3 Nxe4 24. Bxe5 Nxe5 25. Nxe5 Kf6 26. Ng4+ Kg7 27. f3 Ng3 28. Kh2 Ne2 29. Rc6 Nf4 30. Rg1 h5 31. Nf6 Rxa3 32. Ne4 Raa2 33. Rc5 Rxg2+ 34. Rxg2 Rxg2+ 35. Kh1 b4 36. Rb5 Rb2 37. Nxg5 b3 38. Rb7 Kf6 39. Ne4+ Ke5 40. Rxf7 Rc2 41. Rb7 b2 42. Rb5+ Kd4 43. Rb4+ Ke3 44. Nc3 Rxc3 45. Rxb2 Kxf3 46. Kh2 Ke4 47. Rb8 Rxh3+ 48. Kg1 Rg3+ 49. Kh2 Rg4 50. Re8+ Kf3 51. Rf8 Rh4+ 52. Kg1 Kg3 53. Rg8+ Rg4 54. Rf8 h4 55. Kh1 Kf3 56. Rf7 Rg3 57. Kh2 Rg2+ 58. Kh1 Ra2 59. Rh7 h3 60. Rxh3+ Kg4 61. Rb3 Rd2 62. Rb1 Kh3 63. Rb3+ Nd3 64. Rb1 Kg3 65. Kg1 Nf4 66. Rb3+ Kg4 67. Ra3 Rb2 68. Kf1 Nh5 69. Ra4+ Kh3 70. Ra3+ Ng3+ 71. Ke1 Re2+ 72. Kd1 Re8 73. Rb3 Kg2 74. Kd2 Ne4+ 75. Kc2 Kf2 76. Rb7 Rc8+ 77. Kb2 Ke3 78. Re7 Rb8+ 79. Kc2 Rc8+ 80. Kb3 Kd4 81. Rd7+ Ke5 82. Re7+ Kd5 83. Rd7+ Nd6 84. Kb4 Rb8+ 85. Kc3 Ke6 86. Rh7 Rg8 87. Rh6+ Kd5 88. Rh5+ Ke4 89. Rh4+ Ke5 90. Rh5+ Nf5 91. Kd3 Rg3+ 92. Kc4 Rg4+ 93. Kc5 Rg1 94. Rh8 Rc1+ 95. Kb4 Nd6 96. Rh5+ Kd4 97. Rh4+ Ne4 98. Kb3 Kd3 99. Rh3+ Kd4 100. Rh4 Rb1+ 101. Kc2 Rb8 102. Kd1 Kd3 103. Rh3+ Kd4 104. Ke2 Rb2+ 105. Kd1 Nf2+ 106. Kc1 Re2 107. Rh4+ Kc3 108. Rh2 Re1# 0-1


[Site "https://www.chess.com"]

[Event "Titled Tuesday Blitz January 17 Early 2023"]
[White "Tan, Zhongyi"]
[Black "Jiang, Andrew"]
[WhiteFideId "8603642"]
[BlackFideId "30953510"]
[WhiteElo "2517"]
[BlackElo "2201"]
[Result "0-1"]
[Round "01"]
[TimeControl "180+2"]
[Date "2023.01.17"]
[WhiteClock "0:00:07"]
[BlackClock "0:01:09"]

1. d4 d5 2. Bf4 Nf6 3. e3 e6 4. Nf3 c5 5. Nbd2 Qb6 6. dxc5 Bxc5 7. Nb3 Bd6 8. Bxd6 Qxd6 9. Be2 O-O 10. O-O b6 11. c4 Bb7 12. Rc1 Nbd7 13. Nbd4 Rfc8 14. Nb5 Qe7 15. cxd5 Nxd5 16. Rxc8+ Bxc8 17. Bc4 N7f6 18. e4 Nxe4 19. Re1 Ndf6 20. Ne5 Bb7 21. Nd4 Qc5 22. Nxf7 Qxc4 23. Ne5 Qd5 24. Nef3 Rd8 25. Qe2 e5 26. Nb3 a5 0-1


[Site "https://www.chess.com"]

[Event "Titled Tuesday Blitz January 17 Early 2023"]
[White "Buscar, Michael"]
[Black "Hambleton, Aman"]
[WhiteFideId "2603616"]
[BlackFideId "2606577"]
[WhiteElo "2041"]
[BlackElo "2420"]
[Result "0-1"]
[Round "01"]
[TimeControl "180+2"]
[Date "2023.01.17"]
[WhiteClock "0:00:03"]
[BlackClock "0:00:03"]

1. Nf3 Nf6 2. g3 b6 3. Bg2 Bb7 4. c4 c5 5. O-O e6 6. d4 cxd4 7. Nxd4 Bxg2 8. Kxg2 Qc7 9. b3 Qb7+ 10. f3 a6 11. Bb2 d6 12. Nd2 Nbd7 13. e4 Be7 14. Qe2 O-O 15. Rad1 Rfe8 16. Rf2 Rac8 17. Nf1 Bf8 18. Ne3 h5 19. Qf1 Ne5 20. Rfd2 g6 21. Ndc2 b5 22. Bxe5 dxe5 23. Qe2 Bh6 24. Na3 Qe7 25. Rd6 Qa7 26. Nf1 Bf8 27. cxb5 Bxd6 28. Rxd6 axb5 29. Nxb5 Qc5 30. a4 Qb4 31. Rd3 Rc1 32. Ne3 h4 33. Nc4 hxg3 34. hxg3 Nh5 35. Nxe5 Re1 36. Qf2 Rc8 37. Rd7 Rcc1 38. Nd3 Rg1+ 39. Qxg1 Rxg1+ 40. Kxg1 Qd2 0-1


[Site "https://www.chess.com"]

[Event "Titled Tuesday Blitz January 17 Early 2023"]
[White "Injac, Teodora"]
[Black "Devaev, Alexander"]
[WhiteFideId "932400"]
[BlackFideId "4169395"]
[WhiteElo "2391"]
[BlackElo "2325"]
[Result "1-0"]
[Round "01"]
[TimeControl "180+2"]
[Date "2023.01.17"]
[WhiteClock "0:00:05"]
[BlackClock "0:00:03"]

1. d4 Nf6 2. c4 e6 3. Nf3 Bb4+ 4. Bd2 Qe7 5. a3 Bxd2+ 6. Qxd2 b6 7. Nc3 Bb7 8. Qc2 d6 9. e4 Nbd7 10. Be2 e5 11. d5 O-O 12. b4 a5 13. O-O g6 14. Nd2 Ne8 15. bxa5 Rxa5 16. Nb3 Ra8 17. a4 Nc5 18. Nxc5 dxc5 19. a5 Nd6 20. Rfb1 Rfb8 21. Ra4 Bc8 22. axb6 Rxa4 23. Nxa4 cxb6 24. Rxb6 Rxb6 25. Nxb6 Qa7 26. Nxc8 Nxc8 27. Qb2 Nd6 28. Bd3 f6 29. g3 h5 30. Kg2 h4 31. gxh4 Kf7 32. Qe2 Qd7 33. h5 g5 34. h3 Kg7 35. Qg4 Qf7 36. h4 Kh6 37. hxg5+ fxg5 38. Be2 Qf6 39. Bf3 Nxc4 40. Qc8 Nd2 41. Bg4 c4 42. Bf5 g4 43. Qg8 c3 44. Qc8 Kxh5 45. Qxc3 Qh4 46. Qg3 1-0


[Site "https://www.chess.com"]

[Event "Titled Tuesday Blitz January 17 Early 2023"]
[White "Andreev, Konstantin"]
[Black "Tatarinov, Dmitry"]
[WhiteFideId "24239305"]
[BlackFideId "24160067"]
[WhiteElo "2195"]
[BlackElo "2310"]
[Result "0-1"]
[Round "01"]
[TimeControl "180+2"]
[Date "2023.01.17"]
[WhiteClock "0:02:02"]
[BlackClock "0:02:42"]

1. e4 c6 2. d4 d5 3. e5 Bf5 4. Nf3 e6 5. Be2 Ne7 6. O-O h6 7. Nbd2 Nd7 8. a4 Bh7 9. a5 a6 10. Nb3 Nf5 11. Bd2 Be7 12. Re1 O-O 13. Bd3 c5 14. dxc5 Nxc5 15. Nxc5 Bxc5 16. Qe2 Rc8 17. Red1 Nh4 18. Bxh7+ Kxh7 19. Ng5+ Kg8 20. Qh5 hxg5 21. Bxg5 Be7 22. Bxh4 Bxh4 23. c4 Rxc4 24. Rac1 Qg5 25. Qe2 Rxc1 0-1


[Site "https://www.chess.com"]

[Event "Titled Tuesday Blitz January 17 Early 2023"]
[White "Srihari L R"]
[Black "Miszler, Levente"]
[WhiteFideId "46617116"]
[BlackFideId "763276"]
[WhiteElo "2416"]
[BlackElo "2271"]
[Result "1-0"]
[Round "01"]
[TimeControl "180+2"]
[Date "2023.01.17"]
[WhiteClock "0:00:20"]
[BlackClock "0:00:03"]

1. b3 c5 2. Bb2 Nc6 3. Nf3 d5 4. e3 Bg4 5. h3 Bh5 6. Be2 Nf6 7. O-O e6 8. d4 Bd6 9. Nbd2 O-O 10. c4 cxd4 11. Nxd4 Bxe2 12. Qxe2 Nxd4 13. Bxd4 e5 14. Bb2 Bb4 15. Bxe5 Bxd2 16. Qxd2 Ne4 17. Qd4 f6 18. Bh2 Re8 19. Rfd1 Qe7 20. Qxd5+ Kh8 21. Qd7 Qb4 22. Qd3 a5 23. a3 Qc5 24. Bd6 Qh5 25. Bf4 Qh4 26. Qc2 Rad8 27. Bc7 Rxd1+ 28. Rxd1 a4 29. b4 Qh5 30. Rd4 Qf5 31. f3 Ng3 32. Qd1 Qg6 33. Rg4 Qf7 34. Bxg3 Rxe3 35. Rd4 Re8 36. Rd8 h6 37. Rxe8+ Qxe8 38. Bf2 Qe6 39. Qd8+ Kh7 40. Qd5 Qe2 41. Qe4+ 1-0


[Site "https://www.chess.com"]

[Event "Titled Tuesday Blitz January 17 Early 2023"]
[White "Qashashvili, Alexandre"]
[Black "Wagner, Dennis"]
[WhiteFideId "13600842"]
[BlackFideId "24650684"]
[WhiteElo "2505"]
[BlackElo "2595"]
[Result "1/2-1/2"]
[Round "01"]
[TimeControl "180+2"]
[Date "2023.01.17"]
[WhiteClock "0:00:21"]
[BlackClock "0:00:43"]

1. e4 c5 2. Nc3 d6 3. Nf3 Nf6 4. Bb5+ Bd7 5. Bxd7+ Qxd7 6. d4 cxd4 7. Nxd4 Nc6 8. Nxc6 bxc6 9. O-O g6 10. Be3 Bg7 11. Qd2 O-O 12. Bh6 Rfb8 13. Bxg7 Kxg7 14. b3 a5 15. Qd4 Rb4 16. Qd3 Qe6 17. Rfe1 Ng4 18. h3 Ne5 19. Qe2 Qf6 20. Rad1 h5 21. Qe3 g5 22. Ne2 h4 23. Nd4 Qf4 24. Qxf4 gxf4 25. Nf5+ Kf6 26. Nxh4 Rg8 27. Kf1 Rh8 28. Nf5 c5 29. f3 a4 30. Kf2 Rb6 31. Rd2 axb3 32. axb3 Ra8 33. Red1 Ra2 34. g4 fxg3+ 35. Kxg3 Rb8 36. Rxd6+ e6 37. Ne3 Rg8+ 38. Ng4+ Nxg4 39. hxg4 Rxc2 40. R1d2 Rc3 41. R6d3 Rxd3 42. Rxd3 Rb8 43. Rc3 e5 44. Kf2 Rb5 45. Ke3 Ke6 46. Kd3 Kd6 47. Kc4 Rb4+ 48. Kd3 f6 49. Ke3 Rb5 50. Rd3+ Ke6 51. Kf2 Rb4 52. Kg2 c4 53. bxc4 Rxc4 54. Kg3 Rc1 55. Ra3 Rg1+ 56. Kf2 Rb1 57. Ra6+ Kf7 58. Kg3 Kg6 59. Ra8 Rb2 60. Kh4 Rh2+ 61. Kg3 Rb2 62. Rg8+ Kf7 63. Rh8 Kg7 64. Ra8 Kg6 1/2-1/2


[Site "https://www.chess.com"]

[Event "Titled Tuesday Blitz January 17 Early 2023"]
[White "Boyer, Mahel"]
[Black "Gressmann, Moritz"]
[WhiteFideId "45102422"]
[BlackFideId "24695084"]
[WhiteElo "2489"]
[BlackElo "2129"]
[Result "1-0"]
[Round "01"]
[TimeControl "180+2"]
[Date "2023.01.17"]
[WhiteClock "0:02:05"]
[BlackClock "0:01:40"]

1. d4 Nf6 2. Nf3 e6 3. e3 d5 4. Bd3 c5 5. O-O Nc6 6. b3 Bd6 7. Bb2 cxd4 8. exd4 O-O 9. Nbd2 Qc7 10. a3 e5 11. dxe5 Nxe5 12. Nxe5 Bxe5 13. Bxe5 Qxe5 14. Nf3 Qh5 15. h3 Be6 16. Nd4 Qe5 17. Re1 Qd6 18. Qf3 Rfe8 19. a4 Rad8 20. Re3 Qc5 21. Qf4 Qc3 22. Rae1 Ne4 23. Bxe4 dxe4 24. Rxc3 Rxd4 25. Rxe4 1-0


[Site "https://www.chess.com"]

[Event "Titled Tuesday Blitz January 17 Early 2023"]
[White "Silva, Caio Henrique Angelico"]
[Black "Sipila, Vilka"]
[WhiteFideId "22777210"]
[BlackFideId "505455"]
[WhiteElo "2129"]
[BlackElo "2427"]
[Result "0-1"]
[Round "01"]
[TimeControl "180+2"]
[Date "2023.01.17"]
[WhiteClock "0:00:05"]
[BlackClock "0:00:28"]

1. Nf3 f5 2. g3 Nf6 3. Bg2 g6 4. O-O Bg7 5. b3 O-O 6. Bb2 d6 7. d4 c6 8. c4 Na6 9. Nc3 Qe8 10. d5 e5 11. dxe6 Bxe6 12. Qxd6 Ne4 13. Qd3 Nb4 14. Qe3 Nc2 15. Qc1 Nxa1 16. Nxe4 fxe4 17. Ng5 Nxb3 18. axb3 Bxb2 19. Qxb2 Bf5 20. b4 Qe7 21. h4 Rad8 22. Ra1 a6 23. b5 axb5 24. cxb5 h6 25. Nh3 Qf6 26. Qxf6 Rxf6 27. bxc6 bxc6 28. Nf4 c5 29. Rc1 Rc6 30. g4 g5 31. hxg5 hxg5 32. Nh3 Bxg4 33. Nxg5 c4 34. Nxe4 Kg7 35. e3 Rc7 36. Nc3 Be6 37. f4 Rd3 38. e4 Ra7 39. f5 Bd7 40. Bf1 Rd2 41. Nd5 Bb5 42. e5 Rxd5 43. f6+ Kf7 44. Re1 Ra6 45. Bg2 Rd4 46. e6+ Rxe6 0-1


[Site "https://www.chess.com"]

[Event "Titled Tuesday Blitz January 17 Early 2023"]
[White "Dourerassou, Jonathan"]
[Black "Quinones Garcia, Santiago"]
[WhiteFideId "628050"]
[BlackFideId "4408497"]
[WhiteElo "2414"]
[BlackElo "2248"]
[Result "1-0"]
[Round "01"]
[TimeControl "180+2"]
[Date "2023.01.17"]
[WhiteClock "0:01:16"]
[BlackClock "0:00:01"]

1. d4 Nf6 2. Bg5 g6 3. Bxf6 exf6 4. g3 f5 5. Bg2 d5 6. e3 c6 7. Ne2 Bd6 8. O-O O-O 9. Nd2 Nd7 10. c4 Nf6 11. Rc1 Be6 12. Qb3 Qd7 13. c5 Be7 14. Nf4 Ne4 15. Nf3 Bf6 16. Nd3 Qc7 17. Qc2 Bg7 18. Rb1 a5 19. b3 h6 20. a3 Kh7 21. b4 axb4 22. axb4 Ra3 23. b5 Qa5 24. bxc6 bxc6 25. Nde5 Rc8 26. Rb6 Ra2 27. Qb3 Bxe5 28. Nxe5 Nd2 29. Qb4 Qxb4 30. Rxb4 Nxf1 31. Bxf1 Ra1 32. Kg2 f6 33. Rb7+ Kg8 34. Nxg6 Rca8 35. Ne7+ Kf8 36. Nxc6 R1a2 37. Nb4 Rb2 38. c6 Bc8 39. Rb6 Raa2 40. Nxa2 Rxb6 41. Nc3 Be6 42. Bb5 Ke7 43. c7 Rb7 44. c8=Q Bxc8 45. Nxd5+ Kf7 46. Bc6 Rb2 47. Nf4 Bb7 48. Bxb7 Rxb7 49. h4 Rb2 50. Kf3 Rb7 51. Nd5 Rb2 52. Nc3 Rc2 53. Ne2 Ke6 54. Nf4+ Kf7 55. Nd3 Rd2 56. Nc5 Rc2 57. Kg2 Rd2 58. Nb7 Rc2 59. Kf3 Rd2 60. Nc5 Rc2 61. Nd3 Rd2 62. Nf4 Rc2 63. h5 Rd2 64. Ng6 Rc2 65. Nh4 Ke6 66. Ng2 Rd2 67. Nf4+ Kf7 68. Nh3 Rc2 69. Kf4 Ke6 70. g4 fxg4 71. Kxg4 Rd2 72. Kf3 Kf7 73. Kf4 Ke6 74. Kg4 Rd1 75. Nf4+ Kf7 76. Kf5 Rd2 77. f3 Rf2 78. Ke4 Rd2 79. d5 Ke7 80. Kf5 Rf2 81. Ng6+ Kd6 82. Ke4 f5+ 83. Kxf5 Kxd5 84. e4+ Kd6 85. e5+ Kd7 86. f4 Ke8 87. Kf6 Rh2 88. f5 Rxh5 89. Nf4 Rh1 90. Ke6 Ra1 91. Kf6 1-0


[Site "https://www.chess.com"]